 Dungeon Crawl Stone Soup version 0.29-a0-352-g0917bc69df (webtiles) character file.

Game seed: 1637798730471224275

749 Lekart the Slasher (level 7, 0/60 HPs)
             Began as a Green Draconian Chaos Knight on Apr 24, 2022.
             Was a Plaything of Xom.
             Slain by a wyvern (4 damage)
             ... on level 4 of the Dungeon.
             The game lasted 00:06:49 (3925 turns).

Lekart the Slasher (Green Draconian Chaos Knight)   Turns: 3925, Time: 00:06:50

Health: 0/60       AC: 13    Str: 11 (12) XL:     7   Next: 48%
Magic:  7/7        EV: 13    Int: 12 (13) God:    Xom [*.....]
Gold:   345        SH:  0    Dex:  8      Spells: 6/6 levels left

rFire   . . .      SeeInvis .   a - +1 falchion (chaos)
rCold   . . .      Faith    .   (no shield)
rNeg    . . .      Spirit   .   (body armour unavailable)
rPois   +          Reflect  .   (helmet restricted)
rElec   .          Harm     .   k - +1 cloak {rCorr}
rCorr   +          Rampage  .   c - +0 pair of gloves
Will    .....                   (no boots)
Stlth   +.........              (no amulet)
HPRegen 0.20/turn               m - +4 ring of protection
MPRegen 0.10/turn               (no ring)

@: short of breath
A: breathe noxious fumes, AC +6, unfitting armour, poison resistance,
cold-blooded, clumsy 2, weak 1
a: Breathe Noxious Fumes, Renounce Religion


You were on level 4 of the Dungeon.
You worshipped Xom.
You were a special plaything of Xom.
You visited 1 branch of the dungeon, and saw 4 of its levels.

You collected 345 gold pieces.

Inventory:

Hand Weapons
 a - a +1 falchion of chaos (weapon)
Armour
 c - a +0 pair of gloves (worn)
 k - a +1 cloak of preservation (worn)
Jewellery
 m - a +4 ring of protection (left hand)
Scrolls
 d - a scroll of fear {unknown}
 f - a scroll of blinking {unknown}
 g - a scroll of noise
 n - a scroll of identify {unknown}
Potions
 e - a potion of lignification {unknown}
 h - 2 potions of flight
 i - 3 potions of curing
 j - a potion of brilliance {unknown}
 l - a potion of ambrosia {unknown}
 o - a potion of heal wounds {unknown}
 p - 2 potions of mutation {unknown}
Miscellaneous
 b - a piece from Xom's chessboard (15/15) (quivered)


   Skills:
 + Level 4.7 Fighting
 + Level 6.3 Long Blades
 * Level 5.2 Dodging
 + Level 0.2 Evocations


You had 6 spell levels left.
You didn't know any spells.
Your spell library contained the following spells:

 Spells                   Type           Power      Damage    Failure   Level
 Animate Skeleton         Necr           0%         N/A       32%         1
 Pain                     Necr           0%         1d4       32%         1
 Sublimation of Blood     Necr           0%         N/A       45%         2
 Wereblood                Tmut           0%         N/A       45%         2
 Dazzling Flash           Conj/Hex       0%         N/A       69%         3
 Vampiric Draining        Necr           0%         2d6       69%         3
 Iskenderun's Mystic Bla  Conj/Tloc      0%         2d3       97%         4
 Starburst                Conj/Fire      0%         6d3       100%        6
 Summon Hydra             Summ           0%         N/A       100%        7


Dungeon Overview and Level Annotations

Branches:
Dungeon (4/15)             Temple (0/1) D:4

Altars:
Ashenzari
Fedhas
Kikubaaqudgha
Zin


Innate Abilities, Weirdness & Mutations

You can breathe blasts of noxious fumes.
Your lurid green scales are hard. (AC +6)
You cannot fit into any form of body armour.
Your system is resistant to poisons. (rPois)
You are cold-blooded and may be slowed by cold attacks.
You are very clumsy. (Dex -4)
You are weak. (Str -2)


Message History

Natasha closely misses you.
You barely miss Natasha. You tail-slap Natasha.
Natasha is lightly wounded.
Something bites you.
Natasha mewls in sadness.
Natasha misses you.
You closely miss Natasha.
Natasha is lightly wounded.
Something bites you. x2; Natasha closely misses you.
You barely miss Natasha.
Natasha is lightly wounded.
Something bites you. Natasha claws you but does no damage.
Aiming: Breathe Noxious Fumes (5% risk of failure)
Press: ? - help, Shift-Dir - straight line, f - Natasha
Aim: Natasha (lightly wounded, 50% to hit)
You exhale a blast of noxious fumes.
The blast of choking fumes hits Natasha!
Natasha is heavily wounded.
Something bites you. x2; Natasha is engulfed in noxious fumes.
Natasha claws you but does no damage.
You closely miss Natasha.
Natasha is heavily wounded.
Something bites you but does no damage.
Natasha is engulfed in noxious fumes.
Natasha appears confused.
Something bites you.
* * * LOW HITPOINT WARNING * * *
Natasha is engulfed in noxious fumes.
Natasha appears confused.
Natasha claws you.
* * * LOW HITPOINT WARNING * * *
Something bites you.
* * * LOW HITPOINT WARNING * * *
You hit Natasha but do no damage. Lightning courses through Natasha!!
You kill Natasha!
Natasha yowls pathetically as she dies!
Something bites you!
* * * LOW HITPOINT WARNING * * *
Okay, then.
Something bites you.
You die... "Boring in life, boring in death..."

#.# #.# #.# #.....#.##.# #####
#.# #.# #.# #####)#.##.# #...#
#.# #.# #.# #.#.##.# #.#.# #.#
#.# #.# ####.#.##.#
#.#.###.###.# #.# #....#.##.#
#...........# #.# #....#....#
###.###.####### #.# #....######
#.###.......###.#####..........
#.............@..........#.....
###########.###°######.###.###.
#########...)°..# #.# #.#...
#.............#.# #.# #.#.#.
#.#############.# #.# #.#...
#.#############.# #.# #.####
#...............# #.# #.#
####################.###.#
#........#.#


There were no monsters in sight!

Vanquished Creatures
  Grinder (D:4)
  Sigmund (D:4)
  Eustachio (D:4)
  Crazy Yiuf (D:2)
  Natasha (twice) (D:4)
  An orc wizard (D:3)
  Robin (D:2)
  4 gnolls (D:4)
  4 adders
  2 worms
  A dart slug (D:1)
  3 orcs
  3 ball pythons
  4 endoplasms
  A giant cockroach (D:2)
  11 goblins
  9 hobgoblins
  A jackal (D:1)
  A quokka (D:1)
  3 bats
  3 frilled lizards
  10 kobolds
  4 rats
72 creatures vanquished.

Vanquished Creatures (others)
  8 fungi (D:4)
8 creatures vanquished.

Grand Total: 80 creatures vanquished

Notes
Turn   | Place    | Note
-------+----------+-------------------------------------------
     0 | D:1      | Lekart the Draconian Chaos Knight began the quest for the
                  | Orb.
     0 | D:1      | Reached XP level 1. HP: 19/19 MP: 1/1
    40 | D:1      | XOM: silly message
   121 | D:1      | XOM: silly message
   218 | D:1      | Reached XP level 2. HP: 24/26 MP: 2/2
   493 | D:1      | XOM: silly message
   494 | D:1      | XOM: scenery: 1 doors close
   617 | D:1      | XOM: scenery: summon butterflies
   774 | D:2      | Reached XP level 3. HP: 27/33 MP: 3/3
  1484 | D:2      | Found a runed translucent door.
  1485 | D:2      | Noticed Crazy Yiuf
  1493 | D:2      | XOM: god gift: glowing cloak {god gift}
  1496 | D:2      | Killed Crazy Yiuf
  1497 | D:2      | Reached skill level 4 in Long Blades
  1497 | D:2      | Reached XP level 4. HP: 19/40 MP: 4/4
  1514 | D:2      | XOM: cloud trail
  1902 | D:3      | XOM: 1-stop teleportation journey
  1904 | D:3      | Noticed Robin
  2004 | D:2      | Killed Robin
  2113 | D:3      | Found a faded altar of an unknown god.
  2239 | D:3      | XOM: 9-stop teleportation journey
  2258 | D:3      | Reached XP level 5. HP: 33/46 MP: 5/5
  2271 | D:3      | Found a broken altar of Ashenzari.
  2271 | D:3      | XOM: 2-stop teleportation journey
  2342 | D:3      | XOM: 4-stop teleportation journey
  2362 | D:3      | Found a glowing silver altar of Zin.
  2411 | D:3      | Found an ancient bone altar of Kikubaaqudgha.
  2790 | D:4      | Noticed Grinder
  2790 | D:4      | Paralysed by Grinder for 2 turns
  2803 | D:4      | Killed Grinder
  2804 | D:4      | Reached skill level 5 in Long Blades
  2804 | D:4      | Reached XP level 6. HP: 53/53 MP: 6/6
  2889 | D:4      | Noticed Sigmund
  2896 | D:4      | Found a staircase to the Ecumenical Temple.
  2896 | D:4      | XOM: 8-stop teleportation journey
  2992 | D:4      | Noticed a wyvern
  2998 | D:4      | XOM: 2-stop teleportation journey
  3155 | D:4      | XOM: summons 2 hostile demons
  3294 | D:4      | Found a blossoming altar of Fedhas.
  3296 | D:4      | XOM: give mutations
  3296 | D:4      | Gained mutation: You are clumsy. (Dex -2) [Xom's mischief]
  3296 | D:4      | Gained mutation: You are very clumsy. (Dex -4) [Xom's
                  | mischief]
  3296 | D:4      | Gained mutation: You are weak. (Str -2) [Xom's mischief]
  3302 | D:4      | Noticed Eustachio
  3329 | D:4      | Killed Eustachio
  3330 | D:4      | Your scales start taking on a lurid green colour.
  3330 | D:4      | Reached XP level 7. HP: 41/60 MP: 7/7
  3330 | D:4      | Gained mutation: Your system is resistant to poisons.
                  | (rPois) [Green Draconian growth]
  3498 | D:4      | Noticed Natasha
  3515 | D:4      | Killed Natasha
  3642 | D:4      | Killed Sigmund
  3643 | D:4      | Reached skill level 6 in Long Blades
  3643 | D:4      | Reached skill level 5 in Dodging
  3915 | D:4      | Noticed Natasha
  3924 | D:4      | Killed Natasha
  3925 | D:4      | Slain by a wyvern

Illustrated notes

Levels and vault maps discovered:
D:1:      minmay_arrival_jagged, layout_basic, minmay_misc_feat_square,
          minivault_23, minmay_three_crescents
D:2:      minmay_inner_zag, layout_basic, uniq_crazy_yiuf_cottage
D:3:      layout_basic, marbit_many_paths, zin_scriptorium, ashenzari_altar_1,
          ebering_ecumenical_altar_sacrificial, uniq_robin
D:4:      layout_basic, fedhas_ov_isle_minmay, minmay_temple_entry_sparse_star,
          dreamdust_mushroom_princess, nicolae_concentric_dashed_squares_wild,
          minivault_27, uniq_eustachio, uniq_natasha, uniq_grinder, uniq_sigmund

Skill      XL: |  1  2  3  4  5  6  7 |
---------------+----------------------+-----
Fighting       | 4 |  4.7
Long Blades    | 4 5 6 |  6.3
Dodging        | 3 4 5 |  5.2
Evocations     | |  0.2

Action                   |  1- 3 |  4- 6 |  7- 9 || total
-------------------------+-------+-------+-------++-------
Melee: Falchion          |    87 |   118 |    56 ||   261
       Tailslap          |    12 |    15 |    10 ||    37
       Punch             |       |     3 |     1 ||     4
 Abil: Breathe Noxious F |       |       |     4 ||     4
Evoke: Piece from Xom's  |       |     2 |       ||     2
  Use: Scroll            |     3 |     3 |       ||     6
       Potion            |       |     4 |       ||     4
 Stab: Sleeping          |     1 |       |       ||     1
       Invisible         |     1 |       |       ||     1
       Paralysed         |       |     6 |       ||     6
Armor: Skin              |    18 |    61 |    15 ||    94
Dodge: Dodged            |    50 |   100 |    31 ||   181

Table legend: (Time is in decaauts)
 A = Elapsed time spent in this place.
 B = Non-inter-level travel time spent in this place.
 C = Inter-level travel time spent in this place.
 D = Time resting spent in this place.
 E = Time spent auto-exploring this place.
 F = Levels seen in this place.
 G = Mean time per level.
                   A        B        C        D        E       F      G
               +--------+--------+--------+--------+--------+-----+--------+
         Total |   3948 |   3869 |     79 |    327 |   2761 |   4 |  987.0 |
       Dungeon |   3948 |   3869 |     79 |    327 |   2761 |   4 |  987.0 |
               +--------+--------+--------+--------+--------+-----+--------+

Top non-repeatable levels by time:
     D:2: 1201 daAuts
     D:4: 1137 daAuts
     D:3: 941 daAuts
     D:1: 668 daAuts
